 Dungeon Crawl Stone Soup version 0.28-a0-556-gab23d0e057 (webtiles) character file.

Game seed: 9549798117936428938

1410 flotson the Skirmisher (level 8, -1/62 HPs)
             Began as a Demonspawn Delver on Sept 28, 2021.
             Slain by an orc warrior (15 damage)
             ... on level 6 of the Dungeon.
             The game lasted 00:16:49 (6929 turns).

flotson the Skirmisher (Demonspawn Delver)          Turns: 6929, Time: 00:16:50

Health: -1/62      AC:  8    Str: 14    XL:     8   Next: 42%
Magic:  8/8        EV: 12    Int: 11    God:
Gold:   298        SH:  0    Dex: 16    Spells: 7/7 levels left

rFire   . . .      SeeInvis .   a - +3 quarterstaff (chaos)
rCold   . . .      Faith    .   (shield currently unavailable)
rNeg    . . .      Spirit   .   A - +0 ring mail
rPois   .          Reflect  .   (helmet restricted)
rElec   .          Harm     .   f - +0 cloak
rCorr   .          Rampage  .   j - +0 pair of gloves
Will    .....                   (no boots)
Stlth   ++........              (no amulet)
HPRegen 0.20/turn               (no ring)
MPRegen 0.11/turn               (no ring)

@: no status effects
A: horns 2, powered by death 2
a: no special abilities


You were on level 6 of the Dungeon.
You visited 1 branch of the dungeon, and saw 7 of its levels.

You collected 298 gold pieces.

Inventory:

Hand Weapons
 a - a +3 quarterstaff of chaos (weapon)
 b - a +3 hunting sling
Missiles
 s - a throwing net
 w - 4 boomerangs
 y - 13 sling bullets
 z - 12 poisoned darts (quivered)
Armour
 f - a +0 cloak (worn)
 j - a +0 pair of gloves (worn)
 A - a +0 ring mail (worn)
Wands
 g - a wand of digging (3)
 x - a wand of mindburst (11)
 B - a wand of acid (9)
Scrolls
 c - 3 scrolls of fog
 d - 2 scrolls of magic mapping
 e - 2 scrolls of fear
 i - 5 scrolls of identify {unknown}
 k - a scroll of silence {unknown}
 o - a scroll of vulnerability {unknown}
 p - 3 scrolls of acquirement {unknown}
 q - a scroll of noise {unknown}
 u - 2 scrolls of blinking {unknown}
Potions
 h - a potion of curing {unknown}
 l - 2 potions of ambrosia {unknown}
 m - a potion of degeneration {unknown}
 n - a potion of cancellation {unknown}
 r - a potion of flight {unknown}
 t - 2 potions of brilliance {unknown}
 v - a potion of invisibility {unknown}


   Skills:
 + Level 5.3 Fighting
 + Level 4.3 Axes
 + Level 3.0 Slings
 + Level 3.9 Armour
 + Level 4.5 Dodging
 - Level 4.5 Stealth
 + Level 3.2 Evocations


You had 7 spell levels left.
You didn't know any spells.
Your spell library contained the following spells:

 Spells                   Type           Power      Damage    Failure   Level
 Beastly Appendage        Tmut           0%         N/A       56%         1
 Passwall                 Tmut/Erth      0%         N/A       71%         2
 Sublimation of Blood     Necr           0%         N/A       71%         2
 Wereblood                Tmut           0%         N/A       71%         2
 Spider Form              Tmut/Pois      0%         N/A       90%         3
 Swiftness                Air            0%         N/A       90%         3
 Invisibility             Hex            0%         N/A       100%        6
 Summon Hydra             Summ           0%         N/A       100%        7


Dungeon Overview and Level Annotations

Branches:
Dungeon (7/15)
 Temple: D:4-7

Altars:
Cheibriados
Dithmenos
Elyvilon
Kikubaaqudgha
Okawaru
Xom
The Shining One

Annotations:
D:3 2 transporters, Tocho's ghost, amateur NaGl


Innate Abilities, Weirdness & Mutations

You have a pair of horns on your head.
You regenerate health from kills.


Message History

The orc warrior closely misses you.
You closely miss the orc warrior.
The orc warrior hits you with a +0 long sword.
You hit the orc warrior but do no damage.
You headbutt the orc warrior.
The orc warrior is lightly wounded.
The orc warrior hits you with a +0 long sword!
You hit the orc warrior but do no damage.
The orc warrior seems to speed up.
The orc warrior is lightly wounded.
The orc warrior closely misses you. The orc warrior misses you.
You hit the orc warrior but do no damage.
The orc warrior is lightly wounded.
The orc warrior misses you. x2
You barely miss the orc warrior. Your headbutt misses the orc warrior.
The orc warrior is lightly wounded.
The orc warrior closely misses you.
The orc warrior hits you with a +0 long sword!
You are too injured to fight recklessly!
You are too injured to fight recklessly!
You are too injured to fight recklessly!
You hit the orc warrior. You headbutt the orc warrior.
The orc warrior is heavily wounded.
The orc warrior hits you but does no damage.
The orc warrior barely misses you.
You barely miss the orc warrior.
The orc warrior is heavily wounded.
The orc warrior hits you with a +0 long sword!
The orc warrior hits you but does no damage.
You sock the orc warrior! You freeze the orc warrior.
The orc warrior is almost dead.
The orc warrior barely misses you.
The orc warrior hits you with a +0 long sword.
* * * LOW HITPOINT WARNING * * *
You hit the orc warrior but do no damage.
The orc warrior is poisoned.
Your headbutt misses the orc warrior.
The orc warrior is almost dead.
The orc warrior closely misses you.
The orc warrior hits you with a +0 long sword!
You die...

##...##..##.##..
#...............
#...............
#...............
#...............
#...............
#######.##..#####..
##..####.##..##.##..
#..@.........#......
#..o.........#......
#............#......
#............#......
############.....##...##
##...##....####'####...##
#........................
#........................
#........................


You could see an orc warrior (fast, very poisoned).

Vanquished Creatures
  Sigmund (D:6)
  2 ice beasts
  An orc warrior (D:6)
  A centaur (D:5)
  A phantom (D:6)
  A scorpion (D:6)
  2 wights (D:5)
  2 bullfrog zombies (D:5)
  2 centaur zombies (D:5)
  Crazy Yiuf (D:2)
  A human zombie (D:5)
  A gnoll shaman (D:6)
  An iguana (D:4)
  A scorpion zombie (D:5)
  2 orc wizards
  A killer bee zombie (D:6)
  3 mummies (D:5)
  A hound skeleton (D:4)
  A howler monkey zombie (D:5)
  A howler monkey skeleton (D:6)
  8 adders
  7 gnolls
  A shadow imp (D:4)
  An ufetubus (D:6)
  An adder zombie (D:5)
  2 worms
  A dart slug (D:2)
  18 orcs
  9 ball pythons
  6 bats
  7 endoplasms
  2 giant cockroaches
  5 goblins
  6 hobgoblins
  4 kobolds
  6 quokkas
  A frilled lizard (D:2)
  A quokka skeleton (D:4)
  6 rats
119 creatures vanquished.

Notes
Turn   | Place    | Note
-------+----------+-------------------------------------------
     0 | D:5      | flotson the Demonspawn Delver began the quest for the Orb.
     0 | D:5      | Reached XP level 1. HP: 18/18 MP: 1/1
     6 | D:5      | Noticed an ice beast
   267 | D:3      | Identified the +6 great mace of the Hungering Oracle
                  | {protect, Fragile rF- rC++ SInv}
   267 | D:3      | Noticed an ogre
   267 | D:3      | Noticed Tocho's ghost (amateur NaGl)
   269 | D:3      | Noticed an ogre
   270 | D:3      | Found a transporter.
   273 | D:3      | Found a transporter.
   691 | D:2      | Gained mutation: You have a pair of small horns on your
                  | head. [demonic ancestry]
   691 | D:2      | Reached XP level 2. HP: 24/24 MP: 2/2
   985 | D:2      | Reached skill level 1 in Armour
  1196 | D:1      | Gained mutation: You regenerate a little health from kills.
                  | [demonic ancestry]
  1196 | D:1      | Reached XP level 3. HP: 28/29 MP: 3/3
  1456 | D:1      | Found a faded altar of an unknown god.
  2235 | D:2      | Found a runed translucent door.
  2236 | D:2      | Noticed Crazy Yiuf
  2437 | D:2      | Killed Crazy Yiuf
  2438 | D:2      | Reached XP level 4. HP: 21/36 MP: 4/4
  3117 | D:3      | Found a shadowy altar of Dithmenos.
  3182 | D:3      | Reached XP level 5. HP: 38/42 MP: 5/5
  3690 | D:4      | Reached skill level 4 in Fighting
  4439 | D:4      | Found a snail-covered altar of Cheibriados.
  4522 | D:5      | Found an iron altar of Okawaru.
  4551 | D:5      | Reached XP level 6. HP: 48/48 MP: 6/6
  4583 | D:5      | Found a shimmering altar of Xom.
  4805 | D:5      | Reached skill level 1 in Slings
  4805 | D:5      | Reached skill level 1 in Evocations
  5145 | D:5      | Killed an ice beast
  5427 | D:5      | Gained mutation: You have a pair of horns on your head.
                  | [demonic ancestry]
  5427 | D:5      | Reached XP level 7. HP: 55/55 MP: 7/7
  5592 | D:5      | Found an ancient bone altar of Kikubaaqudgha.
  6283 | D:6      | Gained mutation: You regenerate health from kills. [demonic
                  | ancestry]
  6283 | D:6      | Reached XP level 8. HP: 61/61 MP: 8/8
  6365 | D:6      | Reached skill level 5 in Fighting
  6667 | D:6      | Noticed Sigmund
  6738 | D:6      | Killed Sigmund
  6929 | D:6      | Slain by an orc warrior

Illustrated notes

Levels and vault maps discovered:
D:1:      psy_arrival_dodecagon, layout_loops_cross, basic_ecumenical_altar
D:2:      layout_loops_cross, uniq_crazy_yiuf_cottage
D:3:      layout_loops_cross, nicolae_overflow_crystal_walls, lemuel_tele_altar,
          gammafunk_ghost_smash
D:4:      layout_loops_ring, nicolae_overflow_hidden_temple,
          minmay_misc_feat_ornament
D:5:      layout_cave_pools, chequers_temple_overflow_statue_of_worship,
          lemuel_mausoleum_altar_kikubaaqudgha
D:6:      layout_gridville, serial_park_tiny_1, uniq_sigmund
D:7:      layout_gridville, minmay_temple_entry_nine_rooms,
          nicolae_shop_overcharged_wands

Skill      XL: |  1  2  3  4  5  6  7  8 |
---------------+-------------------------+-----
Axes           | 2 3 4 |  4.3
Dodging        | 2 3 4 |  4.5
Armour         | 1 2 3 |  3.9
Fighting       | 4 5 |  5.3
Slings         | 1 2 3 |  3.0
Evocations     | 1 2 3 |  3.2
Stealth        | |  4.5

Action                   |  1- 3 |  4- 6 |  7- 9 || total
-------------------------+-------+-------+-------++-------
Melee: Hand axe          |    32 |       |       ||    32
       Quarterstaff      |    66 |    62 |    91 ||   219
       Headbutt          |     9 |    13 |    19 ||    41
 Fire: Hunting sling     |       |    96 |    74 ||   170
Evoke: Wand              |       |       |     3 ||     3
  Use: Potion            |     1 |       |       ||     1
 Stab: Distracted        |     1 |     1 |       ||     2
       Sleeping          |     6 |     3 |    11 ||    20
       Paralysed         |       |       |     1 ||     1
Armor: Leather armour    |    24 |       |       ||    24
       Robe              |       |    32 |    24 ||    56
       Ring mail         |       |       |    20 ||    20
Dodge: Dodged            |    70 |    84 |   102 ||   256

Table legend: (Time is in decaauts)
 A = Elapsed time spent in this place.
 B = Non-inter-level travel time spent in this place.
 C = Inter-level travel time spent in this place.
 D = Time resting spent in this place.
 E = Time spent auto-exploring this place.
 F = Levels seen in this place.
 G = Mean time per level.
                   A        B        C        D        E       F      G
               +--------+--------+--------+--------+--------+-----+--------+
         Total |   7026 |   6637 |    389 |    489 |   4911 |   7 | 1003.7 |
       Dungeon |   7026 |   6637 |    389 |    489 |   4911 |   7 | 1003.7 |
               +--------+--------+--------+--------+--------+-----+--------+

Top non-repeatable levels by time:
     D:5: 1552 daAuts
     D:2: 1416 daAuts
     D:3: 1276 daAuts
     D:4: 1202 daAuts
     D:6: 883 daAuts
     D:1: 676 daAuts
     D:7: 18 daAuts
